 Dungeon Crawl Stone Soup version 0.31-a0-18-gea43df2a32 (webtiles) character file.

Game seed: 3638453058813565431

206977 halvedace the Impregnable (level 18, 0/12 (128) HPs) *EXPLORE*
             Began as a Minotaur Fighter on May 9, 2023.
             Was a Follower of Ashenzari.
             Succumbed to a +1 war axe of venom's poison
             ... on level 2 of the Elven Halls on May 12, 2023.
             The game lasted 01:16:52 (30665 turns).

halvedace the Impregnable (Minotaur Fighter)       Turns: 30665, Time: 01:16:54

HP:   0/12 (128)    AC: 30    Str: -25 (41)XL:     18   Next: 46%
MP:   2/11          EV:  2    Int: -47 (1) God:    Ashenzari [*.....]
Gold: 1643          SH:  0    Dex: -85 (6) Spells: 17/17 levels left

rFire   x . .        K - +9 war axe (venom)
rCold   x . .        c - +0 buckler
rNeg    . . .        v - +2 crystal plate armour
rPois   .            (helmet restricted)
rElec   .            i - +1 cloak
rCorr   .            X - +3 Mad Mage's Maulers {Infuse+∞ VampMP -Cast}
SInv    .            (no boots)
Will    +....        s - amulet "Cryptic Visionary" {Spirit Str+3, Self, Range} (curse) Stlth
                     R - +6 ring of strength
HPRegen 0.22/turn    N - ring of the Lashed Paranoia {Str+7, Melee, Range} (curse)
MPRegen 0.12/turn

%: no spellcasting, random rage (9%), guardian spirit, infuse magic (2 MP)
@: lethally poisoned (0 -> -3), slowed, lost strength, lost intelligence, lost
dexterity, extremely drained, unable to read, very slow
A: horns 2, retaliatory headbutt, berserk 2, clumsy 2, deformed body,
deterioration 2, dopey 2, frail 3, low MP 3, inhibited regeneration,
teleportitis 2, weak 2, no potion heal 1, cold vulnerability 1, heat
vulnerability 1, subdued magic 1, inability to drink after injury 2, inability
to read after injury 2, MP-powered wands
a: Renounce Religion, Curse Item, Shatter the Chains


You were on level 2 of the Elven Halls.
You worshipped Ashenzari.
Ashenzari was aware of your devotion.
You visited 5 branches of the dungeon, and saw 24 of its levels.
You visited 1 ziggurat, and saw 8 of its levels.

You collected 3943 gold pieces.
You spent 2300 gold pieces at shops.

Inventory:

Hand Weapons
 K - a +9 war axe of venom (weapon)
Missiles
 k - 32 poisoned darts (quivered)
 l - 156 stones
 z - a throwing net
Armour
 c - a +0 buckler (worn)
 i - a +1 cloak (worn)
 v - a +2 crystal plate armour (worn)
 X - the +3 Mad Mage's Maulers (worn) {Infuse+∞ VampMP -Cast}
   (You found it on level 7 of a ziggurat)

   Infuse+∞: It empowers its wearer's blows with all of their magic.
   VampMP:    Blows struck in melee replenish the wearer's magic.
   -Cast:     It prevents spellcasting.
Jewellery
 f - a ring of resist corrosion
 h - a ring of poison resistance
 s - the cursed amulet "Cryptic Visionary" (around neck) {Spirit Str+3, Self, Range}
   (You acquired it on level 4 of the Dungeon)

   [amulet of guardian spirit]

   It causes incoming damage to be divided between your reserves of health and
   magic.
   Str:       It affects your strength (+3).
   It has a curse which improves the following skills: Introspection: Fighting
   and Spellcasting.
   Ranged Combat: Ranged Weapons and Throwing.
 E - a ring of ice
 F - a +6 ring of dexterity
 G - a ring of protection from fire
 J - the ring of Tianis {rC+ Int+4 Dex+6}
   (You took it off a wizard on level 3 of the Depths)

   [ring of dexterity]

   Int:       It affects your intelligence (+4).
   Dex:       It affects your dexterity (+6).
   rC:        It protects you from cold.
 L - a ring of ice
 N - the cursed ring of the Lashed Paranoia (right hand) {Str+7, Melee, Range}
   (You bought it in a shop on level 12 of the Dungeon)

   [ring of strength]

   Str:       It affects your strength (+7).
   It has a curse which improves the following skills: Melee Combat: Short
   Blades, Long Blades, Axes, Maces & Flails, Polearms, Staves and Unarmed
   Combat.
   Ranged Combat: Ranged Weapons and Throwing.
 R - a +6 ring of strength (left hand)
 S - a ring of protection from fire
 Y - a +4 ring of protection
 Z - a ring of flight
Wands
 u - a wand of paralysis (31)
 w - a wand of roots (14)
 O - a wand of flame (7)
 U - a wand of mindburst (9)
Scrolls
 m - 4 scrolls of poison
 q - 10 scrolls of teleportation
 r - 3 scrolls of brand weapon
 x - a scroll of fog
 y - a scroll of fear
 C - 6 scrolls of magic mapping
 M - 2 scrolls of amnesia
 Q - a scroll of silence
 V - 4 scrolls of blinking
 W - 2 scrolls of enchant weapon
Potions
 a - a potion of invisibility
 b - 8 potions of cancellation
 d - 4 potions of might
 e - 3 potions of magic
 g - 5 potions of flight
 j - 9 potions of mutation
 n - 7 potions of curing
 o - 3 potions of brilliance
 p - 3 potions of berserk rage
 t - 5 potions of resistance
 A - a potion of attraction
 B - 6 potions of degeneration
 D - 5 potions of haste
 H - 2 potions of ambrosia
 P - 6 potions of heal wounds
Miscellaneous
 I - a lightning rod (4/4)
 T - a phial of floods


   Skills:
 + Level 21.5(22.1) Fighting
 - Level 16.9(17.6) Axes
 + Level 21.5 Armour
 + Level 21.5 Shields


You had 17 spell levels left.
You didn't know any spells.
Your spell library contained the following spells:

 Spells                   Type           Power      Damage    Failure   Level
 Freeze                   Ice            0%         1d3       100%        1
 Kiss of Death            Conj/Necr      0%         2d5       100%        1
 Necrotise                Necr           0%         1d4       100%        1
 Sandblast                Erth           0%         2d4       100%        1
 Sting                    Tmut/Pois      0%         1d3       100%        1
 Blink                    Tloc           0%         N/A       100%        2
 Cigotuvi's Dreadful Rot  Necr/Pois/Air  0%         N/A       100%        2
 Ensorcelled Hibernation  Hex/Ice        0%         N/A       100%        2
 Lesser Beckoning         Tloc           0%         N/A       100%        2
 Momentum Strike          Conj/Tloc      0%         3d8       100%        2
 Passwall                 Tmut/Erth      0%         N/A       100%        2
 Poisonous Vapours        Pois/Air       0%         N/A       100%        2
 Scorch                   Fire           0%         2d5       100%        2
 Confusing Touch          Hex            0%         N/A       100%        3
 Frozen Ramparts          Ice            0%         1d1       100%        3
 Hailstorm                Conj/Ice       0%         3d3       100%        3
 Inner Flame              Hex/Fire       0%         N/A       100%        3
 Ozocubu's Armour         Ice            0%         N/A       100%        3
 Spider Form              Tmut/Pois      0%         N/A       100%        3
 Stone Arrow              Conj/Erth      0%         3d7       100%        3
 Vampiric Draining        Necr           0%         2d6       100%        3
 Vhi's Electric Charge    Tloc/Air       0%         N/A       100%        3
 Anguish                  Hex/Necr       0%         N/A       100%        4
 Cause Fear               Hex            0%         N/A       100%        4
 Dispel Undead            Necr           0%         3d6       100%        4
 Flame Wave               Conj/Fire      0%         2d4       100%        4
 Leda's Liquefaction      Hex/Erth       0%         N/A       100%        4
 Manifold Assault         Tloc           0%         N/A       100%        4
 Olgreb's Toxic Radiance  Pois           0%         N/A       100%        4
 Sticky Flame             Conj/Fire      0%         2d3       100%        4
 Agony                    Necr           0%         N/A       100%        5
 Arcjolt                  Conj/Air       0%         1d10      100%        5
 Lee's Rapid Deconstruct  Erth           0%         3d4*      100%        5
 Metabolic Englaciation   Hex/Ice        0%         N/A       100%        5
 Death Channel            Necr           0%         N/A       100%        6
 Dispersal                Tloc           0%         N/A       100%        6
 Simulacrum               Ice/Necr       0%         N/A       100%        6
 Statue Form              Tmut/Erth      0%         N/A       100%        6
 Summon Cactus Giant      Summ           0%         N/A       100%        6
 Enfeeble                 Hex            0%         N/A       100%        7
 Ozocubu's Refrigeration  Ice            0%         4d7       100%        7
 Discord                  Hex            0%         N/A       100%        8
 Disjunction              Tloc           0%         N/A       100%        8
 Ignition                 Fire           0%         3d3       100%        8
 Maxwell's Capacitive Co  Air            0%         ∞         100%        8


Dungeon Overview and Level Annotations

Branches:
Dungeon (15/15)            Temple (1/1) D:6            Lair (0/5) D:8
    Orc (2/2) D:10            Elf (2/3) Orc:2        Vaults (0/5) D:14
 Depths (4/4) D:15            Zot (0/5) Depths:4

Altars:
Ashenzari
Cheibriados
Dithmenos
Elyvilon
Fedhas
Gozag
Hepliaklqana
Kikubaaqudgha
Makhleb
Nemelex Xobeh
Okawaru
Qazlal
Ru
Sif Muna
Trog
Uskayaw
Vehumet
Wu Jian
Xom
Yredelemnul
Zin
The Shining One

Shops:
D:4 **   D:7 ![[(   D:12 =   D:14 [   Orc:2 (?[(   Depths:2 [!

Portals:
Hell: Depths:1 Depths:2 Depths:3 Depths:4
Abyss: Depths:1 Depths:3
Pandemonium: Depths:1 Depths:2 Depths:4
Trove: Depths:1 (give 5 potions of resistance)

Annotations:
Elf:1 3 transporters


Innate Abilities, Weirdness & Mutations

You have a pair of horns on your head.
You reflexively headbutt those who attack you in melee.
You have an uncontrollable temper.
You are very clumsy. (Dex -4)
Armour fits poorly on your strangely shaped body.
Your body often deteriorates upon taking damage.
You are very dopey. (Int -4)
You are extremely frail. (-30% HP)
Your magical capacity is extremely low. (-30% MP)
You do not regenerate when monsters are visible.
You are often teleported next to monsters.
You are very weak. (Str -4)
Potions are less effective at restoring your health.
You are vulnerable to cold. (rC-)
You are vulnerable to heat. (rF-)
Your spells are a little easier to cast, but a little less powerful.
You sometimes lose the ability to drink potions when taking damage.
You sometimes lose the ability to read scrolls when taking damage.
You expend magic power (3 MP) to strengthen your wands.


Message History

Ouch! That really hurt!
Die? [Y]es or [N]o only, please.
Die?
Thought so.
You feel very sick.
Your body deteriorates!
You feel clumsy.
You feel very sick.
* * * LOW HITPOINT WARNING * * *
Your body deteriorates!
You feel dopey.
You feel sick.
* * * LOW HITPOINT WARNING * * *
You feel sick.
Die? [Y]es or [N]o only, please.
Die? [Y]es or [N]o only, please.
Die? [Y]es or [N]o only, please.
Die? [Y]es or [N]o only, please.
Die? [Y]es or [N]o only, please.
Die? [Y]es or [N]o only, please.
Die? [Y]es or [N]o only, please.
Die? [Y]es or [N]o only, please.
Die? [Y]es or [N]o only, please.
Die? [Y]es or [N]o only, please.
Die? [Y]es or [N]o only, please.
Die? [Y]es or [N]o only, please.
Die? [Y]es or [N]o only, please.
Die?
You die...

)........... ....
).)......#..............
........## ............#
.......## ##..........#
........###...........##
.........#.............#
.......................#
........................
.........)......@.......
...............##......
..............## .....
...............# ....
................. ...
.................. ..
................... #
........#..........
......# #......


There were no monsters in sight!

Vanquished Creatures
  An ancient lich (Zig:7)
  Bai Suzhen (Depths:1)
  the Enchantress (Depths:2)
  The ghost of Ahineos the Imperceptible, a veteran OpTm of Cheibriados (Depths:3)
  An iron giant (Depths:2)
  2 Hell Sentinels (Depths:3)
  A lich (Depths:4)
  A deep elf blademaster (Elf:2)
  An Ice Fiend (Depths:3)
  3 walking earthen tomes
  6 sphinxes
  2 shadow dragons
  A nagaraja (Zig:6)
  4 fire giants
  A draconian knight (Depths:4)
  2 iron dragons (Depths:2)
  4 frost giants
  Louise (D:15)
  2 ghost moths
  3 cacodemons
  6 spriggan defenders
  6 very ugly things
  A reaper (Zig:7)
  6 stone giants
  The ghost of IdlyInterested the Warrior, a journeyman DsWn of Jiyva (D:13)
  4 vampire knights
  A black draconian (Depths:4)
  A green draconian (Depths:4)
  Azrael (D:12)
  A yellow draconian (Depths:4)
  2 white draconians (Depths:4)
  5 spark wasps
  2 dire elephants (Depths:3)
  A red draconian (Depths:4)
  Snorg (D:14)
  A green death (Depths:1)
  A merfolk javelineer (Zig:8)
  2 eidola (Zig:7)
  3 merfolk impalers
  10 ettins
  9 fire dragons
  2 rakshasas
  9 ice dragons
  2 jiangshi (Depths:3)
  A hell beast (Depths:3)
  A catoblepas (Depths:3)
  A hydra (D:14)
  2 salamander tyrants
  An ogre mage (D:15)
  3 spriggan air magi
  A naga warrior (Zig:6)
  4 deep troll shamans (Depths:2)
  2 boulder beetles
  6 two-headed ogres
  2 anacondas (Depths:3)
  6 centaur warriors
  20 dancing weapons
  2 deep troll earth magi
  A hell hog (Depths:3)
  2 vampire magi
  10 tengu warriors
  2 spriggan berserkers
  2 naga sharpshooters
  5 orc high priests
  Urug (Orc:1)
  10 deep elf knights
  A sun demon (Depths:2)
  A wretched star (Zig:3)
  2 salamander mystics (Depths:4)
  A skeletal warrior (D:14)
  An orb spider (Zig:5)
  2 spriggan druids (Depths:3)
  7 iron trolls (Depths:2)
  4 flayed ghosts
  2 pharaoh ants (Zig:5)
  4 deep trolls (Depths:2)
  An obsidian statue (Zig:8)
  2 swamp dragons (shapeshifter)
  A glowing orange brain (Depths:4)
  A naga ritualist (Zig:6)
  4 deep elf archers (Elf:1)
  A steelbarb worm (Zig:5)
  2 wizards
  2 phantasmal warriors (Depths:2)
  A harpy (D:15)
  2 orange crystal statues (Zig:8)
  5 orc knights
  3 lindwurms (Depths:3)
  A harpy (shapeshifter) (D:13)
  14 deep elf pyromancers
  2 wolf spiders
  A faun (shapeshifter) (Elf:1)
  A mana viper (Zig:6)
  5 orc sorcerers
  2 spectral boulder beetles (D:10)
  A wolf spider (shapeshifter) (D:13)
  20 ugly things
  11 deep elf zephyrmancers
  8 manticores
  3 moths of wrath (Depths:3)
  A cyclops (D:15)
  5 salamanders (Depths:4)
  6 centaur zombies (D:10)
  Maurice (D:8)
  2 guardian serpents
  2 merfolk sirens (Zig:8)
  Joseph (D:10)
  A demonic crawler (Zig:5)
  2 water nymphs (Zig:8)
  A black mamba (shapeshifter) (D:14)
  5 black mambas
  A smoke demon (Zig:3)
  Maggie (D:8)
  An orange demon (Depths:2)
  An ice statue (Zig:8)
  A spectral unseen horror (D:10)
  3 kobold demonologists
  An unseen horror (shapeshifter) (D:13)
  Psyche (D:8)
  7 tengu conjurers
  An ancient zyme (Zig:3)
  A red devil (Depths:2)
  9 merfolk (Zig:8)
  A troll (shapeshifter) (D:13)
  3 trolls
  A wolf spider simulacrum (D:15)
  A hellwing (Depths:1)
  A tarantella (shapeshifter) (D:13)
  A polar bear (shapeshifter) (D:8)
  Prince Ribbit (D:7)
  A wind drake (Zig:8)
  6 hornets
  A snapping turtle (Zig:8)
  A spectral meliai (D:10)
  6 slime creatures
  A centaur simulacrum (D:10)
  2 shadows
  10 flying skulls (D:10)
  A culicivora (shapeshifter) (D:13)
  11 water elementals
  2 air elementals (Elf:1)
  3 vampires
  9 spriggans
  9 wraiths
  A ynoxinul (Depths:1)
  3 yaks (D:10)
  A steam dragon (D:7)
  3 basilisks (D:10)
  7 fire elementals
  A redback (shapeshifter) (Depths:3)
  3 neqoxecs (D:13)
  2 chaos spawn
  A vampire mosquito (D:8)
  11 wargs
  A swamp worm (shapeshifter) (Depths:4)
  3 acid dragons
  3 hell hounds (D:12)
  4 ice beasts
  20 orc warriors
  3 sky beasts
  A black bear (shapeshifter) (D:14)
  2 black mamba simulacra (D:10)
  An ogre (shapeshifter) (D:13)
  2 black bears (D:6)
  3 wolves (D:8)
  7 ogres
  2 centaurs
  2 boggarts
  6 kobold brigands
  A gnoll sergeant (D:7)
  A bullfrog (D:6)
  2 scorpions
  4 earth elementals (Elf:1)
  8 wights
  4 killer bees
  6 howler monkeys
  7 electric eels
  A spectral centaur (D:10)
  A jelly (D:5)
  4 hounds (D:8)
  11 orc priests
  A gnoll bouda (Zig:4)
  4 centaur skeletons
  A sleepcap (D:7)
  2 iguanas
  22 orc wizards
  3 hell rats (D:10)
  2 boggart skeletons (D:14)
  6 gnolls
  10 adders
  A shadow imp (D:5)
  An ufetubus (D:3)
  2 worms
  A dart slug (D:5)
  54 orcs
  A ball python (D:4)
  4 endoplasms
  5 giant cockroaches
  8 goblins
  4 hobgoblins
  4 jackals (D:2)
  7 quokkas
  5 bats
  2 frilled lizards
  17 kobolds
  6 rats
764 creatures vanquished.

Vanquished Creatures (others)
  An eldritch tentacle (Depths:3)
  A draconian knight (Depths:4)
  A tengu warrior (Depths:3)
  A deep elf knight (Elf:1)
  A sea snake (Zig:8)
  A merfolk (Zig:8)
  An orc warrior (Orc:1)
  2 boggarts (Depths:3)
9 creatures vanquished.

Grand Total: 773 creatures vanquished

Notes
Turn   | Place    | Note
-------+----------+-------------------------------------------
     0 | D:1      | halvedace the Minotaur Fighter began the quest for the Orb.
     0 | D:1      | Reached XP level 1. HP: 19/19 MP: 0/0
     0 | D:1      | Entered explore mode.
   133 | D:1      | Reached XP level 2. HP: 27/27 MP: 1/1
   781 | D:2      | Reached XP level 3. HP: 32/33 MP: 2/2
  1098 | D:2      | Reached XP level 4. HP: 40/40 MP: 3/3
  1895 | D:3      | Reached XP level 5. HP: 47/47 MP: 4/4
  2035 | D:3      | Identified a scroll of acquirement
  2035 | D:3      | Acquired 1217 gold pieces
  2741 | D:4      | Found Aneniz's Serpentskin Sales.
  2906 | D:4      | Found Osoil's Lightly-Used Armoury.
  2910 | D:4      | Bought a -3 crystal plate armour for 780 gold pieces
  2957 | D:4      | Acquired the amulet of Ruev {Spirit Str+3}
  3377 | D:5      | Entered Level 5 of the Dungeon
  3377 | D:5      | Found a burning altar of Makhleb.
  3377 | D:5      | You fall into a shaft and drop 1 floor!
  3388 | D:6      | Reached skill level 5 in Axes
  3388 | D:6      | Reached XP level 6. HP: 48/55 MP: 3/5
  3414 | D:6      | Found a staircase to the Ecumenical Temple.
  3445 | D:5      | Reached skill level 5 in Armour
  3449 | D:5      | Reached skill level 5 in Fighting
  3489 | D:5      | Noticed an ice beast
  3500 | D:5      | Killed an ice beast
  3501 | D:5      | Reached skill level 5 in Shields
  3728 | D:5      | Noticed an ice beast
  3733 | D:5      | Killed an ice beast
  3734 | D:5      | Reached XP level 7. HP: 47/61 MP: 4/6
  4372 | Temple   | Entered the Ecumenical Temple
  4850 | D:6      | Found a white marble altar of Elyvilon.
  4951 | D:6      | Reached XP level 8. HP: 70/70 MP: 7/7
  4986 | D:6      | Found an ancient bone altar of Kikubaaqudgha.
  5114 | D:7      | Found a hide-covered altar of Uskayaw.
  5318 | D:7      | Noticed Prince Ribbit
  5325 | D:7      | Killed Prince Ribbit
  5491 | D:7      | Found Xeanires's Antique Weapon Boutique.
  5492 | D:7      | Found Oherucs's Antique Armour Boutique.
  5493 | D:7      | Found Heek's Antique Armour Boutique.
  5495 | D:7      | Found Ehaseeh's Distillery.
  5737 | D:7      | Found a snail-covered altar of Cheibriados.
  5788 | D:7      | Found a sacrificial altar of Ru.
  6314 | D:8      | Found the +4 robe of Augmentation {Str+4 Int+4 Dex+4}
  6343 | D:8      | Found a staircase to the Lair.
  6351 | D:8      | Noticed Maggie
  6356 | D:8      | HP: 1/73 [electric eel/bolt of electricity (4)]
  6356 | D:8      | Killed from afar by an electric eel (11 damage)
                  | ... with a bolt of electricity
  6371 | D:8      | Reached XP level 9. HP: 48/79 MP: 2/8
  6415 | D:8      | Killed Maggie
  6439 | D:8      | Reached skill level 10 in Axes
  6598 | D:8      | Noticed a centaur warrior
  6612 | D:8      | Noticed a troll
  6619 | D:8      | Killed a troll
  6700 | D:8      | Noticed Psyche
  6703 | D:8      | Noticed Maurice
  6705 | D:8      | Paralysed by Psyche for 5 turns
  6715 | D:8      | Killed Psyche
  6720 | D:8      | Paralysed by something for 5 turns
  6733 | D:8      | Killed Maurice
  6837 | D:8      | Noticed a manticore
  6848 | D:8      | Found a sparkling altar of Nemelex Xobeh.
  6848 | D:8      | Found a glowing silver altar of Zin.
  6867 | D:8      | Found a transporter.
  6867 | D:8      | Noticed a two-headed ogre
  6873 | D:8      | a manticore changed into a salamander
  6873 | D:8      | Noticed a salamander (shapeshifter)
  6887 | D:8      | Found a transporter.
  6893 | D:8      | Noticed a deep elf pyromancer
  6911 | D:8      | Reached XP level 10. HP: 90/90 MP: 9/9
  6926 | D:8      | Killed a deep elf pyromancer
  6932 | D:8      | Killed a two-headed ogre
  6947 | D:8      | Killed a centaur warrior
  7086 | D:8      | Found a radiant altar of Vehumet.
  7301 | D:8      | Found a broken altar of Ashenzari.
  7307 | D:8      | Became a worshipper of Ashenzari the Shackled
  7591 | D:9      | Found a shadowy altar of Dithmenos.
  7652 | D:9      | Found a stormy altar of Qazlal.
  7925 | D:9      | Found an opulent altar of Gozag.
  8408 | D:9      | Found an ancient bone altar of Kikubaaqudgha.
  8410 | D:9      | Found an ancient bone altar of Kikubaaqudgha.
  8410 | D:9      | Found a shimmering altar of Xom.
  8412 | D:9      | Found an ancient bone altar of Kikubaaqudgha.
  8412 | D:9      | Found a broken altar of Ashenzari.
  8412 | D:9      | Found a glowing golden altar of the Shining One.
  8789 | D:10     | Entered Level 10 of the Dungeon
  8790 | D:10     | Found a staircase to the Orcish Mines.
  8896 | D:10     | Reached XP level 11. HP: 73/99 MP: 10/10
  9046 | D:10     | Noticed a two-headed ogre
  9053 | D:10     | Killed a two-headed ogre
  9054 | D:10     | Reached skill level 10 in Fighting
  9054 | D:10     | Reached skill level 10 in Armour
  9054 | D:10     | Reached skill level 10 in Shields
  9129 | D:10     | Noticed a two-headed ogre
  9137 | D:10     | Killed a two-headed ogre
  9290 | D:10     | Noticed a two-headed ogre
  9300 | D:10     | Killed a two-headed ogre
  9454 | D:10     | Found a basalt altar of Yredelemnul.
  9604 | D:10     | Noticed Joseph
  9613 | D:10     | Killed Joseph
  9860 | D:10     | Reached XP level 12. HP: 35/108 MP: 5/11
 10504 | D:10     | Found an ancient bone altar of Kikubaaqudgha.
 10509 | D:10     | Reached skill level 15 in Axes
 10536 | D:10     | Identified the +2 broad axe of Autumn {heavy, Int+2}
 10792 | Orc:1    | Entered Level 1 of the Orcish Mines
 10794 | Orc:1    | Noticed Urug
 10818 | Orc:1    | Killed Urug
 11372 | Orc:2    | Entered Level 2 of the Orcish Mines
 11440 | Orc:2    | Noticed a two-headed ogre
 11450 | Orc:2    | Killed a two-headed ogre
 11484 | Orc:2    | Found a staircase to the Elven Halls.
 11682 | Orc:2    | Reached * piety under Ashenzari
 11841 | Orc:2    | Found Toikhan's Armour Boutique.
 11841 | Orc:2    | Found Ziesaluf's Magic Scroll Boutique.
 11841 | Orc:2    | Found Qos Usm's Antique Weapon Emporium.
 11841 | Orc:2    | Noticed an orc high priest
 11841 | Orc:2    | Noticed an orc high priest
 11841 | Orc:2    | Noticed an orc high priest
 11852 | Orc:2    | Slain by an orc priest
                  | ... wielding a +0 trident
                  | (6 damage)
 11856 | Orc:2    | Mangled by an orc knight
                  | ... wielding a +0 war axe of pain
                  | (26 damage)
 11866 | Orc:2    | Slain by an orc high priest
                  | ... wielding a +0 trident
                  | (8 damage)
 11876 | Orc:2    | HP: 4/113 [hellwing[an orc high priest] (10)]
 11876 | Orc:2    | Mangled by a red devil
                  | ... wielding a +0 trident
                  | ... summoned by an orc high priest
                  | (17 damage)
 11880 | Orc:2    | Killed an orc high priest
 11886 | Orc:2    | Killed an orc high priest
 11889 | Orc:2    | Killed by divine providence
                  | ... invoked by an orc high priest
                  | (13 damage)
 11898 | Orc:2    | Killed an orc high priest
 11900 | Orc:2    | HP: 4/111 [orc warrior/+0 trident (9)]
 11901 | Orc:2    | Killed by divine providence
                  | ... invoked by an orc priest
                  | (13 damage)
 11913 | Orc:2    | HP: 3/115 [orc warrior/+0 scimitar (6)]
 11914 | Orc:2    | Slain by an orc warrior
                  | ... wielding a +0 scimitar
                  | (6 damage)
 11919 | Orc:2    | Found Evak's Antique Weapon Emporium.
 11935 | Orc:2    | Bought the +7 plate armour "Jynedeank" {Regen+} for 845
                  | gold pieces
 12377 | Elf:1    | Entered Level 1 of the Elven Halls
 12405 | Elf:1    | Reached XP level 13. HP: 81/122 MP: 8/12
 12561 | Elf:1    | Found a transporter.
 12567 | Elf:1    | Found a transporter.
 12582 | Elf:1    | Killed from afar by a deep elf knight (16 damage)
                  | ... with a lance of force
 12589 | Elf:1    | HP: 6/122 [something (14)]
 12589 | Elf:1    | Slain by a +1 mace of protection (9 damage)
 12598 | Elf:1    | Paralysed by an air elemental for 1 turns
 12598 | Elf:1    | Slain by a fire elemental (11 damage)
                  | ... summoned by a deep elf pyromancer
                  | ... while paralysed by an air elemental
 12607 | Elf:1    | Killed from afar by a deep elf zephyrmancer (19 damage)
                  | ... with a bolt of lightning
 12610 | Elf:1    | Paralysed by an air elemental for 1 turns
 12621 | Elf:1    | HP: 3/122 [deep elf archer/arrow (21)]
 12621 | Elf:1    | Shot with an arrow by a deep elf archer (15 damage)
 12754 | D:11     | Reached ** piety under Ashenzari
 13970 | D:12     | Found Xoadghoq's One-of-a-Kind Rings.
 13981 | D:12     | Bought a +7 ring of strength for 675 gold pieces
 14358 | D:12     | Noticed Azrael
 14367 | D:12     | HP: 6/124 [Azrael/fireball (35)]
 14367 | D:12     | Slain by a fire elemental (6 damage)
                  | ... led by Azrael
 14371 | D:12     | Killed Azrael
 16285 | D:13     | Found a runed translucent gate.
 16286 | D:13     | Found a runed translucent gate.
 16287 | D:13     | Found a runed translucent gate.
 16303 | D:13     | Found a runed translucent gate.
 16303 | D:13     | Found a runed translucent gate.
 16307 | D:13     | Slain by a brown ugly thing (9 damage)
 16322 | D:13     | Found a runed translucent gate.
 16332 | D:13     | Noticed a cacodemon
 16334 | D:13     | Noticed IdlyInterested's ghost (journeyman DsWn)
 16348 | D:13     | Gained mutation: Armour fits poorly on your strangely
                  | shaped body. [a neqoxec]
 16353 | D:13     | HP: 2/125 [disintegration (10)]
 16355 | D:13     | Slain by a harpy (shapeshifter) (5 damage)
 16357 | D:13     | Gained mutation: You are weak. (Str -2) [a neqoxec]
 16361 | D:13     | Killed IdlyInterested's ghost
 16361 | D:13     | Gained mutation: You occasionally shout uncontrollably at
                  | your foes. [a neqoxec]
 16361 | D:13     | Gained mutation: You occasionally lose the ability to read
                  | scrolls when taking damage. [a neqoxec]
 16362 | D:13     | Gained mutation: You expend magic power (3 MP) to
                  | strengthen your wands. [a cacodemon]
 16364 | D:13     | Gained mutation: You are dopey. (Int -2) [a neqoxec]
 16366 | D:13     | Blown up by a cacodemon (46 damage)
                  | ... with a bolt of energy
 16367 | D:13     | Killed a cacodemon
 16377 | D:13     | HP: 4/127 [poisoned by a swamp dragon (poison gas)]
 16378 | D:13     | Succumbed to a swamp dragon's poison gas
 17123 | D:13     | Reached XP level 14. HP: 96/135 MP: 9/13
 17392 | D:14     | Found Settirosch's Armour Boutique.
 17637 | D:14     | HP: 1/135 [eight-headed hydra (7)]
 17637 | D:14     | Slain by an eight-headed hydra (3 damage)
 17905 | D:14     | Noticed Snorg
 17916 | D:14     | HP: 2/136 [deep elf knight/+0 scimitar (16)]
 17916 | D:14     | Mangled by a skeletal warrior
                  | ... wielding a +0 battleaxe
                  | (13 damage)
 17919 | D:14     | Killed Snorg
 17932 | D:14     | HP: 1/136 [orc knight/+0 glaive (23)]
 17933 | D:14     | Slain by a deep elf zephyrmancer
                  | ... wielding a +0 dagger
                  | ... summoned by a boggart
                  | (3 damage)
 18078 | D:14     | Found a gate to the Vaults.
 18340 | D:15     | Entered Level 15 of the Dungeon
 18432 | D:15     | Reached skill level 15 in Fighting
 18432 | D:15     | Reached skill level 15 in Armour
 18436 | D:15     | Reached skill level 15 in Shields
 18678 | D:15     | Noticed Louise
 18691 | D:15     | Killed Louise
 19324 | D:15     | Found a staircase to the Depths.
 19324 | D:15     | Noticed a frost giant
 19329 | D:15     | Killed a frost giant
 19616 | D:15     | Lost mutation: You occasionally shout uncontrollably at
                  | your foes. [potion of mutation]
 19616 | D:15     | Lost mutation: You are dopey. (Int -2) [potion of mutation]
 19616 | D:15     | Lost mutation: You are weak. (Str -2) [potion of mutation]
 19616 | D:15     | Gained mutation: You possess an exceptional clarity of
                  | mind. [potion of mutation]
 19690 | Depths:1 | Entered Level 1 of the Depths
 19707 | Depths:1 | Killed from afar by a spark wasp (10 damage)
                  | ... with a living lightning
 19715 | Depths:1 | Found a one-way gateway to a ziggurat.
 20050 | Depths:1 | Found a portal to a secret trove of treasure.
 20313 | Depths:1 | Found a one-way gate leading to the halls of Pandemonium.
 20680 | Depths:1 | Found a one-way gate to the infinite horrors of the Abyss.
 20773 | Depths:1 | Noticed Bai Suzhen
 20801 | Depths:1 | Engulfed by Bai Suzhen's thunder (25 damage)
 20803 | Depths:1 | Killed Bai Suzhen
 20960 | Depths:1 | Found a gateway to Hell.
 21209 | Zig:1    | Entered Level 1 of a ziggurat
 21209 | Zig:1    | Identified the +1 robe of the Scribe {Str+2 Int-2 Dex+2
                  | Slay+3}
 21213 | Zig:1    | Reached XP level 15. HP: 142/147 MP: 14/14
 21225 | Zig:2    | Entered Level 2 of a ziggurat
 21239 | Zig:2    | HP: 7/147 [poisoned by a naga sharpshooter (splash of
                  | poison)]
 21569 | Zig:3    | Entered Level 3 of a ziggurat
 21569 | Zig:3    | Identified the +3 ring mail of Fixyhiw {Str+4}
 21894 | Zig:4    | Entered Level 4 of a ziggurat
 21933 | Zig:5    | Entered Level 5 of a ziggurat
 21934 | Zig:5    | Identified the +1 sling of Capital Punishment {speed, rC+
                  | Int+3}
 21951 | Zig:5    | Blown up by an orb spider (58 damage)
                  | ... with an orb of destruction
 21987 | Zig:6    | Entered Level 6 of a ziggurat
 21990 | Zig:6    | Noticed a nagaraja
 21990 | Zig:6    | Identified the staff of death "Bibrang" {rN+ Int+8}
 21991 | Zig:6    | Identified the +0 robe of Disaster {-Tele rF+ rCorr Int+3
                  | Stlth+}
 22001 | Zig:6    | HP: 5/148 [nagaraja/+0 spear (6)]
 22002 | Zig:6    | Succumbed to a black mamba's poison
 22006 | Zig:6    | Slain by a naga ritualist
                  | ... wielding a +0 short sword
                  | (11 damage)
 22012 | Zig:6    | Killed a nagaraja
 22012 | Zig:6    | Succumbed to a naga warrior's splash of poison
 22035 | Zig:7    | Entered Level 7 of a ziggurat
 22037 | Zig:7    | Noticed an ancient lich
 22038 | Zig:7    | Found the +3 Mad Mage's Maulers {Infuse+∞ VampMP -Cast}
 22045 | Zig:7    | HP: 1/144 [vampire knight/+1 great sword (24)]
 22048 | Zig:7    | Killed from afar by an eidolon (18 damage)
                  | ... with a bolt of negative energy
 22061 | Zig:7    | HP: 2/144 [eidolon/bolt of negative energy (18)]
 22061 | Zig:7    | Slain by a flayed ghost (6 damage)
 22070 | Zig:7    | Killed an ancient lich
 22313 | Zig:8    | Entered Level 8 of a ziggurat
 22326 | Zig:8    | Identified the staff of air "Peibud" {rElec rN+}
 22331 | Zig:8    | Hit by a javelin thrown by a merfolk javelineer (19 damage)
 22334 | Zig:8    | Identified the staff of conjuration "Juotroly" {rF+ Int+3}
 22336 | Zig:8    | HP: 3/149 [merfolk/+0 trident[a merfolk javelineer] (5)]
 22338 | Zig:8    | Mangled by a merfolk
                  | ... wielding a +2 trident of freezing
                  | ... led by a merfolk javelineer
                  | (12 damage)
 22351 | Zig:8    | HP: 7/149 [manticore (15)]
 22351 | Zig:8    | Slain by a merfolk impaler
                  | ... wielding a +0 trident
                  | (9 damage)
 22360 | Zig:8    | HP: 6/149 [water nymph/the raging water (17)]
 22360 | Zig:8    | HP: 2/149 [water nymph[an orange crystal statue] (4)]
 22360 | Zig:8    | Drowned by a water nymph (11 damage)
                  | ... summoned by an orange crystal statue
 22365 | Zig:8    | HP: 5/149 [cyclops[an orange crystal statue] (8)]
 22366 | Zig:8    | Mangled by a merfolk impaler
                  | ... wielding a +0 trident
                  | (14 damage)
 22376 | Zig:8    | HP: 3/149 [manticore (14)]
 22376 | Zig:8    | Slain by a merfolk impaler
                  | ... wielding a +0 trident
                  | (3 damage)
 22403 | Zig:8    | HP: 3/149 [merfolk/+0 spear[a merfolk impaler] (6)]
 22404 | Zig:8    | Slain by a merfolk
                  | ... wielding a +0 trident
                  | ... led by a merfolk javelineer
                  | (5 damage)
 22735 | Depths:2 | Found Qeel's Antique Armour Shoppe.
 22765 | Depths:2 | Slain by an iron troll (13 damage)
 22776 | Depths:2 | HP: 5/150 [iron troll (34)]
 22776 | Depths:2 | Slain by an iron troll (7 damage)
 22796 | Depths:2 | Mangled by a vampire knight
                  | ... wielding a +0 bardiche
                  | (25 damage)
 22797 | Depths:2 | Reached XP level 16. HP: 159/159 MP: 0/15
 22811 | Depths:2 | Paralysed by something for 2 turns
 22812 | Depths:2 | Demolished by a vampire knight
                  | ... wielding a +0 bardiche
                  | (31 damage)
                  | ... while paralysed by a vampire knight
 22817 | Depths:2 | Paralysed by something for 4 turns
 23274 | Depths:2 | Found Jotor's Distillery.
 23584 | Depths:2 | Noticed the Enchantress
 23594 | Depths:2 | HP: 6/143 [spriggan defender/+1 flail of draining[the
                  | Enchantress] (15)]
 23594 | Depths:2 | Mangled by a fire giant
                  | ... wielding a +2 great sword of flaming
                  | (17 damage)
 23599 | Depths:2 | HP: 5/143 [spriggan defender/+1 demon whip of
                  | electrocution[the Enchantress] (19)]
 23599 | Depths:2 | Slain by a spriggan defender
                  | ... wielding a +1 flail of draining
                  | ... led by the Enchantress
                  | (5 damage)
 23602 | Depths:2 | Slain by a deep troll (18 damage)
 23611 | Depths:2 | HP: 1/155 [the Enchantress/+4 flail of protection (12)]
 23611 | Depths:2 | Mangled by a spriggan rider
                  | ... wielding a +0 spear
                  | ... led by the Enchantress
                  | (11 damage)
 23614 | Depths:2 | Killed the Enchantress
 23630 | Depths:2 | Slain by an iron troll (15 damage)
 24276 | Depths:2 | Noticed a walking earthen tome
 24277 | Depths:2 | Noticed an iron giant
 24280 | Depths:2 | Noticed a walking earthen tome
 24283 | Depths:2 | Found the +10 dark maul {heavy}
 24293 | Depths:2 | HP: 8/161 [iron giant/+0 giant spiked club (9)]
 24294 | Depths:2 | HP: 2/161 [walking earthen tome (6)]
 24294 | Depths:2 | Mangled by a walking earthen tome (8 damage)
                  | ... while petrified by a living spell
 24303 | Depths:2 | HP: 2/161 [iron dragon (7)]
 24303 | Depths:2 | Demolished by an iron dragon (16 damage)
 24304 | Depths:2 | Killed an iron giant
 24307 | Depths:2 | Killed a walking earthen tome
 24315 | Depths:2 | HP: 2/161 [walking earthen tome (7)]
 24316 | Depths:2 | Slain by a stone giant (2 damage)
                  | ... while petrified by a living spell
 24338 | Depths:2 | Killed a walking earthen tome
 24342 | Depths:2 | Killed from afar by an iron dragon (21 damage)
                  | ... with a spray of metal splinters
 24848 | Depths:2 | Gained mutation: You occasionally shout uncontrollably at
                  | your foes. [a cacodemon]
 24850 | Depths:2 | Gained mutation: Your body sometimes deteriorates upon
                  | taking damage. [a cacodemon]
 24852 | Depths:2 | Gained mutation: Your spells are a little easier to cast,
                  | but a little less powerful. [a cacodemon]
 25107 | Depths:3 | Found a runed translucent gate.
 25107 | Depths:3 | Found a runed translucent gate.
 25107 | Depths:3 | Found a runed translucent gate.
 25108 | Depths:3 | Noticed a shadow dragon
 25108 | Depths:3 | Noticed a walking earthen tome
 25111 | Depths:3 | Noticed Ahineos's ghost (veteran OpTm)
 25333 | Depths:3 | Killed from afar by a fire dragon (36 damage)
                  | ... with a blast of flame
 25352 | Depths:3 | HP: 6/162 [lindwurm (18)]
 25352 | Depths:3 | Noticed a sphinx
 25352 | Depths:3 | Noticed a sphinx
 25353 | Depths:3 | Killed by angry trees
                  | ... awakened by a spriggan druid
                  | (12 damage)
 25367 | Depths:3 | HP: 5/162 [catoblepas (20)]
 25368 | Depths:3 | Killed a sphinx
 25368 | Depths:3 | Annihilated by a dire elephant (42 damage)
 25372 | Depths:3 | HP: 8/162 [constriction (2)]
 25372 | Depths:3 | HP: 3/162 [hell beast (5)]
 25372 | Depths:3 | Demolished by a hell beast (20 damage)
 25372 | Depths:3 | Lost intelligence.
 25373 | Depths:3 | Slain by a dire elephant (7 damage)
                  | ... while paralysed
 25375 | Depths:3 | Annihilated by a dire elephant (32 damage)
                  | ... while paralysed
 25378 | Depths:3 | HP: 6/162 [catoblepas (5)]
 25378 | Depths:3 | Demolished by a catoblepas (26 damage)
 25383 | Depths:3 | Reached XP level 17. HP: 79/170 MP: 2/16
 25384 | Depths:3 | HP: 7/170 [moth of wrath (8)]
 25384 | Depths:3 | Demolished by a dire elephant (26 damage)
 25838 | Depths:3 | HP: 5/171 [spriggan berserker/+0 flail (11)]
 25838 | Depths:3 | Killed by the air
                  | ... invoked by a spriggan air mage
                  | (24 damage)
 25848 | Depths:3 | HP: 8/171 [frost giant/+0 battleaxe of freezing (17)]
 25855 | Depths:3 | Killed from afar by a fire dragon (17 damage)
                  | ... with a blast of flame
 26761 | Depths:3 | Identified the ring of Tianis {rC+ Int+4 Dex+6}
 26762 | Depths:3 | Identified the +0 hat "Ruraisin" {MP+9 Str+2}
 26770 | Depths:3 | HP: 6/171 [stone giant[a boggart] (19)]
 26773 | Depths:3 | Killed from afar by a spriggan air mage (33 damage)
                  | ... with a bolt of lightning
 26781 | Depths:3 | Slain by a walking earthen tome (15 damage)
                  | ... while petrified by a living spell
 26783 | Depths:3 | Noticed an Ice Fiend
 26790 | Depths:3 | Paralysed by a vampire knight for 4 turns
 26795 | Depths:3 | HP: 3/172 [tengu warrior/+0 great sword (13)]
 26796 | Depths:3 | Killed from afar by a shadow dragon (34 damage)
                  | ... with a bolt of negative energy
 26797 | Depths:3 | Gained mutation: You are vulnerable to heat. (rF-)
                  | [mutagenic glow]
 26801 | Depths:3 | Noticed a Hell Sentinel
 26808 | Depths:3 | Mangled by an Ice Fiend (19 damage)
                  | ... created by a Zot trap
                  | ... while petrified by a living spell
 26811 | Depths:3 | Lost mutation: You occasionally shout uncontrollably at
                  | your foes. [mutagenic glow]
 26815 | Depths:3 | Slain by a walking earthen tome (33 damage)
 26816 | Depths:3 | Killed an Ice Fiend
 26824 | Depths:3 | HP: 5/154 [rakshasa/+0 trident (5)]
 26824 | Depths:3 | Slain by an ettin
                  | ... wielding a +0 dire flail
                  | (10 damage)
                  | ... while petrified by a living spell
 26824 | Depths:3 | Gained mutation: Your body often deteriorates upon taking
                  | damage. [mutagenic glow]
 26829 | Depths:3 | Noticed a Hell Sentinel
 26835 | Depths:3 | Gained mutation: You are weak. (Str -2) [mutagenic glow]
 26840 | Depths:3 | Killed a walking earthen tome
 26840 | Depths:3 | HP: 6/145 [Hell Sentinel[a Zot trap] (8)]
 26840 | Depths:3 | Slain by a Hell Sentinel (4 damage)
                  | ... created by a Zot trap
 26845 | Depths:3 | HP: 6/149 [Ahineos's ghost (illusionary) (3)]
 26845 | Depths:3 | Mangled by a Hell Sentinel (12 damage)
                  | ... created by a Zot trap
                  | ... while petrified by a living spell
 26851 | Depths:3 | Mangled by a Hell Sentinel (17 damage)
                  | ... created by a Zot trap
 26851 | Depths:3 | Lost mutation: You possess an exceptional clarity of mind.
                  | [a cacodemon]
 26853 | Depths:3 | Gained mutation: You are occasionally teleported next to
                  | monsters. [a cacodemon]
 26853 | Depths:3 | Gained mutation: You sometimes lose your temper in combat.
                  | [mutagenic glow]
 26854 | Depths:3 | Gained mutation: Your magical capacity is low. (-10% MP) [a
                  | cacodemon]
 26856 | Depths:3 | HP: 5/146 [Hell Sentinel[a Zot trap] (5)]
 26856 | Depths:3 | HP: 2/146 [cacodemon[a Zot trap] (3)]
 26856 | Depths:3 | Slain by a rakshasa
                  | ... wielding a +0 trident
                  | (6 damage)
                  | ... while petrified by a living spell
 26864 | Depths:3 | Blown up by a cacodemon (20 damage)
                  | ... with a bolt of energy
                  | ... created by a Zot trap
 26866 | Depths:3 | Killed a Hell Sentinel
 26868 | Depths:3 | Gained mutation: You are frail. (-10% HP) [mutagenic glow]
 26870 | Depths:3 | Killed from afar by a Hell Sentinel (52 damage)
                  | ... with an iron shot
                  | ... created by a Zot trap
 26876 | Depths:3 | Mangled by a Hell Sentinel (18 damage)
                  | ... created by a Zot trap
 26876 | Depths:3 | Gained mutation: You do not regenerate when monsters are
                  | visible. [mutagenic glow]
 26878 | Depths:3 | HP: 3/101 [Ahineos's ghost (14)]
 26879 | Depths:3 | Succumbed to poison (magical storm)
 26879 | Depths:3 | Lost dexterity.
 26881 | Depths:3 | HP: 1/101 [poison (magical storm)]
 26881 | Depths:3 | Killed from afar by a shadow dragon (27 damage)
                  | ... with a bolt of negative energy
                  | ... while paralysed
 26887 | Depths:3 | Succumbed to poison (magical storm)
 26889 | Depths:3 | Killed a Hell Sentinel
 26892 | Depths:3 | Gained mutation: You sometimes lose the ability to read
                  | scrolls when taking damage. [mutagenic glow]
 26901 | Depths:3 | Slain by Ahineos's ghost (19 damage)
 26902 | Depths:3 | Gained mutation: Potions are less effective at restoring
                  | your health. [mutagenic glow]
 26905 | Depths:3 | Slain by Ahineos's ghost (50 damage)
 26912 | Depths:3 | Annihilated by Ahineos's ghost (48 damage)
 26918 | Depths:3 | Gained mutation: You have hidden genetic defects.
                  | [mutagenic glow]
 26919 | Depths:3 | Annihilated by Ahineos's ghost (80 damage)
 26927 | Depths:3 | Gained mutation: Your magical capacity is very low. (-20%
                  | MP) [mutagenic glow]
 26933 | Depths:3 | Slain by Ahineos's ghost (7 damage)
 26941 | Depths:3 | Gained mutation: You are very weak. (Str -4) [mutagenic
                  | glow]
 26950 | Depths:3 | Gained mutation: Your magical capacity is extremely low.
                  | (-30% MP) [mutagenic glow]
 26960 | Depths:3 | Gained mutation: You are dopey. (Int -2) [mutagenic glow]
 26966 | Depths:3 | Gained mutation: You are very dopey. (Int -4) [mutagenic
                  | glow]
 26967 | Depths:3 | Mangled by Ahineos's ghost (45 damage)
 26979 | Depths:3 | Gained mutation: You are very frail. (-20% HP) [mutagenic
                  | glow]
 26989 | Depths:3 | Gained mutation: You are extremely frail. (-30% HP)
                  | [mutagenic glow]
 26997 | Depths:3 | Annihilated by Ahineos's ghost (42 damage)
 27000 | Depths:3 | Gained mutation: You have an uncontrollable temper.
                  | [mutagenic glow]
 27002 | Depths:3 | Slain by Ahineos's ghost (22 damage)
 27009 | Depths:3 | Annihilated by Ahineos's ghost (35 damage)
 27010 | Depths:3 | Gained mutation: You are often teleported next to monsters.
                  | [mutagenic glow]
 27011 | Depths:3 | Killed Ahineos's ghost
 27021 | Depths:3 | Gained mutation: You are clumsy. (Dex -2) [mutagenic glow]
 27025 | Depths:3 | Gained mutation: You are very clumsy. (Dex -4) [mutagenic
                  | glow]
 27047 | Depths:3 | Gained mutation: You occasionally lose the ability to drink
                  | potions when taking damage. [mutagenic glow]
 27185 | Depths:4 | Entered Level 4 of the Depths
 27190 | Depths:4 | Noticed a tentacled monstrosity
 27191 | Depths:4 | HP: 1/71 [poisoned by a salamander]
 27191 | Depths:4 | Mangled by a salamander tyrant (8 damage)
 27196 | Depths:4 | Succumbed to a salamander's poison
 27199 | Depths:4 | HP: 1/73 [salamander (19)]
 27199 | Depths:4 | Slain by a tentacled monstrosity (4 damage)
                  | ... summoned by a glowing orange brain
 27201 | Depths:4 | Slain by a salamander
                  | ... wielding a +2 spear of venom
                  | (20 damage)
 27204 | Depths:4 | Slain by a salamander mystic
                  | ... wielding a +0 dagger
                  | (15 damage)
 27207 | Depths:4 | Demolished by a salamander
                  | ... wielding a +2 spear of venom
                  | (21 damage)
 27209 | Depths:4 | Succumbed to a salamander's poison
 27212 | Depths:4 | Slain by an ettin
                  | ... wielding a +0 dire flail
                  | (10 damage)
 27214 | Depths:4 | Killed by divine providence
                  | ... invoked by a sphinx
                  | (13 damage)
 27219 | Depths:4 | HP: 1/83 [poisoned by a salamander]
 27220 | Depths:4 | Succumbed to a salamander's poison
 27254 | Depths:4 | HP: 3/87 [salamander/+0 trident (19)]
 27256 | Depths:4 | Slain by a salamander mystic
                  | ... wielding a +0 dagger
                  | (3 damage)
 27257 | Depths:4 | Killed from afar by a salamander mystic (22 damage)
                  | ... with a lance of force
 27262 | Depths:4 | HP: 4/91 [salamander/+0 glaive (3)]
 27262 | Depths:4 | Mangled by a salamander
                  | ... wielding a +0 glaive
                  | (11 damage)
 27265 | Depths:4 | Mangled by a salamander
                  | ... wielding a +0 trident
                  | (14 damage)
 27270 | Depths:4 | Slain by a salamander
                  | ... wielding a +0 glaive
                  | (13 damage)
 27274 | Depths:4 | HP: 5/139 [salamander/+0 glaive (9)]
 27274 | Depths:4 | Demolished by a salamander
                  | ... wielding a +0 glaive
                  | (19 damage)
 27281 | Depths:4 | Hit by a large rock thrown by a stone giant (11 damage)
 27295 | Depths:4 | Killed from afar by a black draconian knight (22 damage)
                  | ... with a bolt of lightning
 27302 | Depths:4 | Killed from afar by a black draconian knight (26 damage)
                  | ... with a bolt of lightning
 27306 | Depths:4 | Killed from afar by a black draconian (32 damage)
                  | ... with a bolt of lightning
 27310 | Depths:4 | Slain by a black draconian knight
                  | ... wielding a +2 dire flail of protection
                  | (9 damage)
 27312 | Depths:4 | HP: 3/108 [spriggan defender/+3 demon whip of electrocution
                  | (13)]
 27312 | Depths:4 | Killed from afar by a black draconian knight (31 damage)
                  | ... with a shard of ice
 27316 | Depths:4 | Mangled by a black draconian knight
                  | ... wielding a +2 dire flail of protection
                  | (17 damage)
 27317 | Depths:4 | HP: 3/95 [spriggan rider/+0 spear (3)]
 27317 | Depths:4 | Killed from afar by a black draconian knight (15 damage)
                  | ... with a bolt of lightning
 27318 | Depths:4 | Mangled by a black draconian
                  | ... wielding a +0 heavy war axe
                  | (16 damage)
 27319 | Depths:4 | Mangled by an ettin
                  | ... wielding a +0 dire flail
                  | (28 damage)
 27320 | Depths:4 | Killed from afar by a black draconian knight (14 damage)
                  | ... with a shard of ice
 27322 | Depths:4 | Killed from afar by a black draconian knight (25 damage)
                  | ... with a bolt of lightning
 27324 | Depths:4 | HP: 1/80 [something/shard of ice (21)]
 27324 | Depths:4 | Demolished by a spriggan defender
                  | ... wielding a +3 demon whip of electrocution
                  | (15 damage)
 27326 | Depths:4 | Slain by a spriggan rider
                  | ... wielding a +0 spear
                  | (8 damage)
 27326 | Depths:4 | Mangled by an ettin
                  | ... wielding a +0 dire flail
                  | (30 damage)
 27328 | Depths:4 | Killed from afar by a black draconian knight (19 damage)
                  | ... with a bolt of lightning
 27335 | Depths:4 | HP: 4/93 [fire dragon (6)]
 27335 | Depths:4 | HP: 1/93 [spriggan/+0 spear (3)]
 27336 | Depths:4 | Noticed a lich
 27336 | Depths:4 | Slain by a spriggan
                  | ... wielding a +0 spear
                  | (6 damage)
 27337 | Depths:4 | Gained mutation: You are vulnerable to cold. (rC-) [hidden
                  | defects]
 27339 | Depths:4 | Killed from afar by a fire dragon (79 damage)
                  | ... with a blast of flame
 27346 | Depths:4 | Killed from afar by a lich (24 damage)
                  | ... with a bolt of cold
 27353 | Depths:4 | Killed from afar by a lich (83 damage)
                  | ... with a bolt of cold
 27354 | Depths:4 | Killed a lich
 27364 | Depths:4 | Killed from afar by a red draconian (60 damage)
                  | ... with a searing blast
 27370 | Depths:4 | Killed from afar by a red draconian (35 damage)
                  | ... with a searing blast
 27373 | Depths:4 | HP: 5/102 [fire dragon/blast of flame (70)]
 27373 | Depths:4 | Slain by an ice dragon (5 damage)
 27375 | Depths:4 | Killed from afar by an ice dragon (44 damage)
                  | ... with a blast of cold
 27378 | Depths:4 | Killed from afar by an ice dragon (62 damage)
                  | ... with a blast of cold
 27382 | Depths:4 | HP: 4/106 [ice dragon (11)]
 27384 | Depths:4 | Slain by an ice dragon (6 damage)
 27388 | Depths:4 | Killed from afar by an ice dragon (42 damage)
                  | ... with a blast of cold
 27397 | Depths:4 | HP: 1/90 [shadow dragon/bolt of negative energy (19)]
 27397 | Depths:4 | Killed from afar by an ice dragon (9 damage)
                  | ... with a blast of cold
 27421 | Depths:4 | Found a gate to the Realm of Zot.
 27424 | Depths:4 | Killed from afar by a black draconian knight (37 damage)
                  | ... with a bolt of lightning
 27429 | Depths:4 | HP: 4/96 [something/bolt of lightning (43)]
 27429 | Depths:4 | Killed from afar by an ice dragon (58 damage)
                  | ... with a blast of cold
 27434 | Depths:4 | Killed from afar by a black draconian knight (40 damage)
                  | ... with a bolt of cold
 27443 | Depths:4 | Killed from afar by an ice dragon (40 damage)
                  | ... with a blast of cold
 27459 | Depths:4 | HP: 1/99 [acid (8)]
 27459 | Depths:4 | Slain by a brown very ugly thing (5 damage)
 27462 | Depths:4 | Slain by a brown very ugly thing (15 damage)
 27465 | Depths:4 | Slain by a white ugly thing (5 damage)
 27465 | Depths:4 | Demolished by a white very ugly thing (52 damage)
 27465 | Depths:4 | HP: 3/99 [white very ugly thing (78)]
 27466 | Depths:4 | Slain by a water elemental (4 damage)
 27467 | Depths:4 | Annihilated by a white ugly thing (39 damage)
 27468 | Depths:4 | HP: 1/99 [white very ugly thing (21)]
 27468 | Depths:4 | Annihilated by a white very ugly thing (79 damage)
 27468 | Depths:4 | Annihilated by a white very ugly thing (61 damage)
 27470 | Depths:4 | Slain by a cyan very ugly thing (7 damage)
 27472 | Depths:4 | Mangled by a white very ugly thing (20 damage)
 27473 | Depths:4 | Annihilated by a white very ugly thing (63 damage)
 27474 | Depths:4 | Annihilated by a white very ugly thing (67 damage)
 27475 | Depths:4 | Mangled by a water elemental (15 damage)
 27477 | Depths:4 | Mangled by a water elemental (15 damage)
 27479 | Depths:4 | Mangled by a green very ugly thing (15 damage)
 27480 | Depths:4 | HP: 3/100 [water elemental (7)]
 27481 | Depths:4 | Drowned by a water elemental (11 damage)
 27482 | Depths:4 | Lost strength.
 27482 | Depths:4 | Mangled by a red ugly thing (12 damage)
                  | ... while paralysed
 27483 | Depths:4 | Annihilated by a red ugly thing (34 damage)
                  | ... while paralysed
 27485 | Depths:4 | Drowned by a water elemental (14 damage)
 27485 | Depths:4 | HP: 5/103 [red ugly thing (25)]
 27486 | Depths:4 | Drowned by a water elemental (29 damage)
 27486 | Depths:4 | Demolished by a red ugly thing (19 damage)
 27488 | Depths:4 | Succumbed to a green very ugly thing's poison
 27488 | Depths:4 | Mangled by a red ugly thing (31 damage)
 27489 | Depths:4 | Mangled by a red ugly thing (24 damage)
 27492 | Depths:4 | Mangled by a red ugly thing (16 damage)
 27493 | Depths:4 | Drowned by a water elemental (32 damage)
 27497 | Depths:4 | HP: 4/103 [water elemental (14)]
 27497 | Depths:4 | Mangled by a water elemental (10 damage)
 27500 | Depths:4 | HP: 1/103 [white ugly thing (22)]
 27501 | Depths:4 | Slain by a white ugly thing (6 damage)
 27501 | Depths:4 | Mangled by a water elemental (11 damage)
 27505 | Depths:4 | Slain by a water elemental (19 damage)
 27508 | Depths:4 | Slain by a purple ugly thing (20 damage)
 27511 | Depths:4 | HP: 6/160 [water elemental (19)]
 27512 | Depths:4 | Drowned by a water elemental (7 damage)
 27517 | Depths:4 | HP: 3/160 [water elemental (15)]
 27518 | Depths:4 | Mangled by a water elemental (12 damage)
 27525 | Depths:4 | Slain by a water elemental (11 damage)
 27531 | Depths:4 | Mangled by a sphinx (20 damage)
 27532 | Depths:4 | Paralysed by a sphinx for 2 turns
 27541 | Depths:4 | Slain by a stone giant (9 damage)
 27707 | Depths:4 | Gained mutation: You sometimes lose the ability to drink
                  | potions when taking damage. [hidden defects]
 27707 | Depths:4 | Lost mutation: You have hidden genetic defects. [hidden
                  | defects expressed]
 27713 | Depths:4 | Slain by a merfolk impaler
                  | ... wielding a +0 trident
                  | (12 damage)
 28788 | Depths:4 | Reached XP level 18. HP: 116/122 MP: 2/11
 29442 | Elf:1    | Shot with an arrow by a deep elf archer (19 damage)
 29452 | Elf:1    | Slain by a +2 battleaxe of electrocution (14 damage)
 29456 | Elf:1    | Slain by a +2 battleaxe of electrocution (11 damage)
 29464 | Elf:1    | HP: 5/126 [+2 heavy mace (12)]
 29464 | Elf:1    | Slain by a deep elf knight
                  | ... wielding a +0 scimitar
                  | (9 damage)
 29469 | Elf:1    | Mangled by a +2 battleaxe of electrocution (23 damage)
 29472 | Elf:1    | Slain by a +2 heavy mace (14 damage)
 29476 | Elf:1    | Slain by a +2 heavy mace (11 damage)
 29483 | Elf:1    | HP: 5/127 [deep elf archer/arrow (8)]
 29484 | Elf:1    | Shot with an arrow by a deep elf archer (15 damage)
 29486 | Elf:1    | Found a transporter.
 29486 | Elf:1    | Found a transporter.
 29493 | Elf:1    | Found a transporter.
 29493 | Elf:1    | Found a transporter.
 29500 | Elf:1    | HP: 1/128 [deep elf zephyrmancer/bolt of lightning (22)]
 29501 | Elf:1    | Killed by nerve-wracking pain
                  | ... invoked by an orc high priest
                  | (5 damage)
 29529 | Elf:1    | HP: 1/128 [deep elf archer/arrow (14)]
 29532 | Elf:1    | Shot with an arrow by a deep elf archer (4 damage)
 29599 | Elf:1    | Killed from afar by a deep elf zephyrmancer (28 damage)
                  | ... with a bolt of lightning
 30484 | Elf:2    | Killed from afar by a deep elf zephyrmancer (16 damage)
                  | ... with a bolt of lightning
 30490 | Elf:2    | Slain by a fire elemental (16 damage)
                  | ... summoned by a deep elf pyromancer
 30494 | Elf:2    | Killed from afar by a deep elf zephyrmancer (20 damage)
                  | ... with a bolt of lightning
 30498 | Elf:2    | HP: 1/126 [deep elf blademaster/+2 rapier of draining (7)]
 30498 | Elf:2    | Slain by a deep elf blademaster
                  | ... wielding a +2 rapier of draining
                  | (3 damage)
 30504 | Elf:2    | Found a runed translucent gate.
 30504 | Elf:2    | Found a runed translucent gate.
 30505 | Elf:2    | Succumbed to a +0 glaive of venom's poison
 30506 | Elf:2    | HP: 2/93 [deep elf blademaster/+2 rapier of draining (9)]
 30506 | Elf:2    | Slain by a +1 long sword of protection (2 damage)
 30509 | Elf:2    | Succumbed to a +1 short sword of venom's poison
 30510 | Elf:2    | Killed from afar by a deep elf pyromancer (27 damage)
                  | ... with a bolt of fire
 30513 | Elf:2    | Succumbed to a +0 glaive of venom's poison
 30516 | Elf:2    | Slain by a deep elf zephyrmancer
                  | ... wielding a +2 long sword of holy wrath
                  | (4 damage)
 30518 | Elf:2    | Succumbed to a +0 glaive of venom's poison
 30520 | Elf:2    | Slain by a +5 heavy glaive (7 damage)
 30521 | Elf:2    | Slain by a fire elemental (3 damage)
                  | ... summoned by a deep elf pyromancer
 30522 | Elf:2    | Demolished by a +5 heavy glaive (33 damage)
 30523 | Elf:2    | HP: 2/47 [fire elemental[a deep elf pyromancer] (15)]
 30524 | Elf:2    | Succumbed to a +0 glaive of venom's poison
 30526 | Elf:2    | Slain by a +5 heavy glaive (4 damage)
 30528 | Elf:2    | Demolished by a +5 heavy glaive (22 damage)
 30530 | Elf:2    | Slain by a +5 heavy glaive (10 damage)
 30531 | Elf:2    | Killed from afar by a deep elf zephyrmancer (12 damage)
                  | ... with a bolt of lightning
 30532 | Elf:2    | Slain by a +5 heavy glaive (43 damage)
 30533 | Elf:2    | Mangled by a +0 glaive of venom (16 damage)
 30534 | Elf:2    | Found a runed translucent gate.
 30534 | Elf:2    | Mangled by a +5 heavy glaive (14 damage)
 30537 | Elf:2    | Succumbed to a +0 glaive of venom's poison
 30539 | Elf:2    | Mangled by a +0 glaive of venom (18 damage)
 30542 | Elf:2    | Mangled by a +0 glaive of venom (14 damage)
 30543 | Elf:2    | Succumbed to a +0 glaive of venom's poison
 30545 | Elf:2    | Succumbed to a +0 glaive of venom's poison
 30546 | Elf:2    | Mangled by a +0 glaive of venom (22 damage)
 30547 | Elf:2    | Slain by a +0 glaive of venom (8 damage)
 30548 | Elf:2    | Slain by a +0 glaive of venom (17 damage)
 30550 | Elf:2    | Succumbed to a +0 glaive of venom's poison
 30551 | Elf:2    | Demolished by a +0 glaive of venom (25 damage)
 30552 | Elf:2    | Mangled by a +0 glaive of venom (26 damage)
 30554 | Elf:2    | HP: 1/69 [+5 heavy glaive (16)]
 30554 | Elf:2    | Annihilated by a +0 bardiche of draining (25 damage)
 30555 | Elf:2    | Slain by a +5 heavy glaive (9 damage)
 30558 | Elf:2    | Succumbed to a +0 glaive of venom's poison
 30559 | Elf:2    | Slain by a +0 bardiche of draining (23 damage)
 30560 | Elf:2    | HP: 1/53 [+0 glaive of venom (11)]
 30560 | Elf:2    | Annihilated by a +0 bardiche of draining (24 damage)
 30561 | Elf:2    | Slain by a +5 heavy glaive (23 damage)
 30562 | Elf:2    | Succumbed to a +0 glaive of venom's poison
 30564 | Elf:2    | Succumbed to a +0 glaive of venom's poison
 30565 | Elf:2    | Demolished by a +5 heavy glaive (21 damage)
 30565 | Elf:2    | Mangled by a +0 bardiche of draining (13 damage)
 30566 | Elf:2    | HP: 1/30 [+0 bardiche of draining (9)]
 30566 | Elf:2    | Slain by a +0 bardiche of draining (3 damage)
 30567 | Elf:2    | Annihilated by a +5 heavy glaive (43 damage)
 30568 | Elf:2    | Succumbed to a +0 glaive of venom's poison
 30568 | Elf:2    | Mangled by a +0 bardiche of draining (21 damage)
 30569 | Elf:2    | Succumbed to a +0 glaive of venom's poison
 30569 | Elf:2    | Demolished by a +0 bardiche of draining (34 damage)
 30569 | Elf:2    | Slain by a +0 bardiche of draining (14 damage)
 30569 | Elf:2    | Slain by a +0 glaive of venom (11 damage)
 30570 | Elf:2    | Succumbed to a +0 glaive of venom's poison
 30570 | Elf:2    | Slain by a +0 bardiche of draining (16 damage)
 30570 | Elf:2    | Slain by a +5 heavy glaive (12 damage)
 30571 | Elf:2    | Succumbed to a +0 glaive of venom's poison
 30571 | Elf:2    | Mangled by a +0 glaive of venom (21 damage)
 30572 | Elf:2    | Succumbed to a +0 glaive of venom's poison
 30573 | Elf:2    | Succumbed to a +0 glaive of venom's poison
 30573 | Elf:2    | Annihilated by a +0 bardiche of draining (31 damage)
 30573 | Elf:2    | Slain by a +0 bardiche of draining (4 damage)
 30573 | Elf:2    | Slain by a +0 glaive of venom (5 damage)
 30574 | Elf:2    | Succumbed to a +0 glaive of venom's poison
 30574 | Elf:2    | Mangled by a +0 glaive of venom (12 damage)
 30575 | Elf:2    | Succumbed to a +0 glaive of venom's poison
 30575 | Elf:2    | Demolished by a +0 bardiche of draining (25 damage)
 30575 | Elf:2    | Slain by a +0 bardiche of draining (3 damage)
 30575 | Elf:2    | Demolished by a +0 glaive of venom (15 damage)
 30576 | Elf:2    | Succumbed to a +0 glaive of venom's poison
 30576 | Elf:2    | Demolished by a +0 bardiche of draining (20 damage)
 30576 | Elf:2    | Slain by a +0 bardiche of draining (2 damage)
 30577 | Elf:2    | Succumbed to a +0 glaive of venom's poison
 30578 | Elf:2    | Succumbed to a +0 glaive of venom's poison
 30578 | Elf:2    | Demolished by a +0 bardiche of draining (25 damage)
 30578 | Elf:2    | Mangled by a +0 bardiche of draining (7 damage)
 30579 | Elf:2    | Succumbed to a +0 glaive of venom's poison
 30579 | Elf:2    | Annihilated by a +0 bardiche of draining (27 damage)
 30579 | Elf:2    | Mangled by a +0 bardiche of draining (10 damage)
 30580 | Elf:2    | Succumbed to a +0 glaive of venom's poison
 30580 | Elf:2    | Demolished by a +0 bardiche of draining (19 damage)
 30580 | Elf:2    | Mangled by a +0 bardiche of draining (7 damage)
 30581 | Elf:2    | Succumbed to a +0 glaive of venom's poison
 30582 | Elf:2    | Succumbed to a +0 glaive of venom's poison
 30583 | Elf:2    | Succumbed to a +0 glaive of venom's poison
 30584 | Elf:2    | Succumbed to a +0 glaive of venom's poison
 30585 | Elf:2    | Succumbed to a +0 glaive of venom's poison
 30586 | Elf:2    | Succumbed to a +0 glaive of venom's poison
 30586 | Elf:2    | Annihilated by a +0 bardiche of draining (24 damage)
 30586 | Elf:2    | Slain by a +0 bardiche of draining (1 damage)
 30587 | Elf:2    | Succumbed to a +0 glaive of venom's poison
 30588 | Elf:2    | Succumbed to a +0 glaive of venom's poison
 30588 | Elf:2    | Mangled by a +0 bardiche of draining (9 damage)
 30588 | Elf:2    | Slain by a +0 bardiche of draining (4 damage)
 30589 | Elf:2    | Succumbed to a +0 glaive of venom's poison
 30589 | Elf:2    | Mangled by a +0 bardiche of draining (8 damage)
 30589 | Elf:2    | Slain by a +0 bardiche of draining (3 damage)
 30592 | Elf:2    | Annihilated by a +0 bardiche of draining (25 damage)
 30592 | Elf:2    | Mangled by a +0 bardiche of draining (12 damage)
 30593 | Elf:2    | Demolished by a +0 bardiche of draining (15 damage)
 30593 | Elf:2    | Slain by a +0 bardiche of draining (3 damage)
 30594 | Elf:2    | Mangled by a +0 bardiche of draining (13 damage)
 30594 | Elf:2    | Slain by a +0 bardiche of draining (6 damage)
 30596 | Elf:2    | Annihilated by a +0 bardiche of draining (31 damage)
 30596 | Elf:2    | Slain by a +0 bardiche of draining (6 damage)
 30597 | Elf:2    | Slain by a +0 bardiche of draining (5 damage)
 30597 | Elf:2    | Slain by a +0 bardiche of draining (1 damage)
 30597 | Elf:2    | Slain by a +0 bardiche of draining (1 damage)
 30598 | Elf:2    | Demolished by a +0 bardiche of draining (19 damage)
 30598 | Elf:2    | Slain by a +0 bardiche of draining (2 damage)
 30647 | Elf:2    | Succumbed to a +1 war axe of venom's poison
 30648 | Elf:2    | Slain by a +1 war axe of venom (6 damage)
 30649 | Elf:2    | Succumbed to a +1 war axe of venom's poison
 30650 | Elf:2    | Succumbed to a +1 war axe of venom's poison
 30650 | Elf:2    | Slain by a +1 war axe of venom (9 damage)
 30651 | Elf:2    | Succumbed to a +1 war axe of venom's poison
 30652 | Elf:2    | Succumbed to a +1 war axe of venom's poison
 30652 | Elf:2    | Mangled by a +1 war axe of venom (15 damage)
 30653 | Elf:2    | Succumbed to a +1 war axe of venom's poison
 30653 | Elf:2    | Slain by a +1 war axe of venom (11 damage)
 30654 | Elf:2    | Succumbed to a +1 war axe of venom's poison
 30655 | Elf:2    | Succumbed to a +1 war axe of venom's poison
 30656 | Elf:2    | Succumbed to a +1 war axe of venom's poison
 30657 | Elf:2    | Succumbed to a +1 war axe of venom's poison
 30658 | Elf:2    | Succumbed to a +1 war axe of venom's poison
 30660 | Elf:2    | Succumbed to a +1 war axe of venom's poison
 30665 | Elf:2    | Succumbed to a +1 war axe of venom's poison

Illustrated notes

Levels and vault maps discovered:
D:1:      dpeg_arrival_arbitrary_b, layout_rooms
D:2:      layout_loops_corners, serial_aquarium, aquarium_bridge_long_separate
          [aquarium_subvault_wall, aquarium_subvault_bridge,
          aquarium_subvault_window, aquarium_subvault_bridge,
          aquarium_subvault_balcony, aquarium_subvault_wall], aquarium_window_1,
          aquarium_window_fake, aquarium_window_1, aquarium_window_corridor_2,
          aquarium_view_2a, aquarium_view_2g, aquarium_pool_1
D:3:      wad_river_or_something, layout_basic
D:4:      layout_basic, minmay_shop_damaged, minmay_hedge_maze,
          minmay_misc_feat_ornament, guppyfry_shop_venom
D:5:      layout_rooms, amcnicky_altar_gilded
D:6:      layout_loops_ring, elyvilon_altar_3, lemuel_coloured_pillars_altar,
          minmay_temple_entry_mist
D:7:      layout_cave_pods, nicolae_uskayaw_dance_hall,
          nicolae_overflow_crystal_walls, mainiacjoe_overflow_24_doors,
          minmay_shop_grid_forest, kennysheep_generic_room_8,
          uniq_prince_ribbit1
D:8:      gammafunk_the_bubble [the_bubble_gammafunk_grid], layout_gridville,
          vehumet_crystals, ashenzari_altar_1, mainiacjoe_overflow_divided_tiny,
          erik_lair_island, hangedman_decor_clover_reticule, uniq_maggie,
          uniq_psyche, uniq_maurice
D:9:      layout_stronghold, doesnt_xom_only_xom, grunt_gozag_breadcrumbs,
          mainiacjoe_overflow_alcove_2,
          nicolae_dithmenos_through_a_glass_darkly, hellmonk_bongcloud_opening
D:10:     lemuel_vampire_tower, layout_irregular_city,
          lemuel_zombie_altar_yredelemnul, grunt_ogre_cave, uniq_joseph
D:11:     layout_gridville
D:12:     layout_gridville, nicolae_shop_unique_rings, nicolae_twisting_strands,
          uniq_azrael
D:13:     layout_irregular_city, ploomutoo_gammafunk_ghost_potion_laboratory,
          serial_bayou, serial_bayou_shore_b, serial_bayou_lagoon_b,
          serial_bayou_pond_d, serial_bayou_shore_b
D:14:     layout_cave_pools, hangedman_vaults_entry_quadrant_bands,
          serial_shops, nicolae_shop_window_shopping, minmay_misc_feat_tiny,
          uniq_snorg
D:15:     grunt_enter_depths_snipers, layout_loops_cross, minivault_27,
          chequers_decorated_corner, kb_rosetta, uniq_louise
Temple:   hellmonk_temple_two_chambers
Orc:1:    layout_caves, nicolae_orc_lava_room, uniq_urug, uniq_nergalle
Orc:2:    st_orc_elflike, layout_caves
Elf:1:    layout_gridlike, serial_shops, bzr_entry_lakeside, minivault_28,
          serial_nicolae_subway, nicolae_sub_station_stone,
          nicolae_sub_station_metal, nicolae_sub_station_crystal
Elf:2:    elven_hall_of_blades_hangedman_original [grunt_blade_entry_basic],
          layout_geoelf_diagonals, uniq_zenata
Depths:1: layout_long_grid, enter_ziggurat_a, pf_hell_entry_tar_spiral,
          nicolae_trove_entry_isolated, abyss_entry_small_statue_room,
          rand_demon_pan_entry_5, minmay_misc_feat_square,
          minmay_misc_feat_plants, kennysheep_small_square, uniq_bai_suzhen
Depths:2: minmay_roctagon, layout_basic, serial_shops, shop, shop,
          rand_demon_pan_entry_7, hell_entry, minmay_staircase_statues,
          grunt_megastairs_5, uniq_enchantress
Depths:3: hangedman_hanging_gardens, layout_gridlike,
          gammafunk_ghost_tricky_traps, pf_coc_iceberg, abyss_entry
Depths:4: grunt_crosshair, layout_cave_pools, pan_entry, nicolae_wwwww,
          serial_bayou, serial_bayou_shore_a, serial_bayou_shore_b,
          serial_bayou_lagoon_a, serial_bayou_pond_a, serial_bayou_shore_b,
          serial_bayou_ford_a, hell_entry

Skill      XL: |  1  2  3  4  5  6  7  8  9 10 11 12 13 14 15 16 17 18 |
---------------+-------------------------------------------------------+-----
Axes           | 3 4 5 6 7 9 11 12 14 16 | 16.9
Fighting       | 4 5 6 7 8 9 11 12 14 16 17 19 20 21 | 21.5
Armour         | 4 5 6 7 8 9 11 12 14 16 17 19 20 21 | 21.5
Shields        | 4 5 6 7 8 9 11 12 14 16 17 19 20 21 | 21.5

Action                     |  1- 3 |  4- 6 |  7- 9 | 10-12 | 13-15 | 16-18 || total
---------------------------+-------+-------+-------+-------+-------+-------++-------
  Melee: War axe           |    54 |   128 |   223 |   483 |   668 |   940 ||  2496
         Headbutt          |     3 |    12 |    33 |   114 |   170 |   182 ||   514
  Throw: Dart              |       |       |       |       |    10 |     7 ||    17
 Invoke: Curse Item        |       |       |       |     2 |     2 |       ||     4
         Shatter the Chain |       |       |       |       |     2 |       ||     2
  Evoke: Lightning rod     |       |       |       |       |       |     2 ||     2
    Use: Scroll            |    10 |    10 |     6 |     4 |    13 |       ||    43
         Potion            |       |       |     2 |       |     1 |     1 ||     4
 Armour: Scale mail        |    31 |    31 |       |       |       |       ||    62
         Crystal plate arm |       |    42 |   191 |    43 |   430 |  1713 ||  2419
         Plate armour      |       |     8 |       |       |       |       ||     8
         Robe              |       |       |       |   223 |   229 |       ||   452
  Dodge: Dodged            |    28 |    55 |    46 |   224 |   406 |   317 ||  1076
  Block: Buckler           |    11 |    30 |    64 |   141 |   386 |   231 ||   863

Table legend: (Time is in decaauts)
 A = Elapsed time spent in this place.
 B = Non-inter-level travel time spent in this place.
 C = Inter-level travel time spent in this place.
 D = Time resting spent in this place.
 E = Time spent auto-exploring this place.
 F = Levels seen in this place.
 G = Mean time per level.
                   A        B        C        D        E       F      G
               +--------+--------+--------+--------+--------+-----+--------+
         Total |  32796 |  31448 |   1348 |   2201 |  23385 |  32 | 1024.9 |
       Dungeon |  17974 |  17134 |    840 |    512 |  13993 |  15 | 1198.3 |
        Temple |     75 |     75 |      0 |      0 |     11 |   1 |   75.0 |
  Orcish Mines |   1676 |   1456 |    220 |      0 |   1227 |   2 |  838.0 |
   Elven Halls |   2026 |   1998 |     28 |    105 |   1249 |   2 | 1013.0 |
        Depths |   9813 |   9554 |    259 |   1003 |   6690 |   4 | 2453.2 |
      Ziggurat |   1230 |   1230 |      0 |    581 |    213 |   8 |  153.8 |
               +--------+--------+--------+--------+--------+-----+--------+

Top non-repeatable levels by time:
Depths:3: 2887 daAuts
Depths:4: 2788 daAuts
Depths:2: 2550 daAuts
    D:13: 2252 daAuts
    D:10: 2105 daAuts
   Elf:1: 1694 daAuts
Depths:1: 1586 daAuts
     D:9: 1439 daAuts
    D:15: 1393 daAuts
    D:12: 1264 daAuts
    D:11: 1226 daAuts
     D:7: 1219 daAuts
   Orc:2: 1061 daAuts
     D:8: 1038 daAuts
     D:3: 1036 daAuts
